 Dungeon Crawl Stone Soup version 0.24.0-123-gd5b16e6ec5 (webtiles) character file.

Game seed: 9389744888532763737, levelgen mode: deterministic

110 Delamore the Chopper (level 5, 0/61 HPs)
             Began as a Formicid Fighter on Jan 8, 2020.
             Slain by an orc priest
             ... wielding a +0 dagger
              (3 damage)
             ... on level 2 of the Dungeon.
             The game lasted 00:01:57 (1706 turns).

Delamore the Chopper (Formicid Fighter)             Turns: 1706, Time: 00:01:58

Health: 0/61       AC: 22    Str: 22    XL:     5   Next: 14%
Magic:  5/5        EV:  2    Int:  7    God:
Gold:   113        SH:  9    Dex: 10    Spells: 4/4 levels left

rFire    . . .     SeeInvis .   a - +0 war axe
rCold    . . .     Gourm    .   c - +0 shield
rNeg     + + +     Faith    .   (armour currently unavailable)
rPois    +         Spirit   .   (helmet unavailable)
rElec    .         Reflect  .   (cloak currently unavailable)
rCorr    .         Harm     .   (gloves currently unavailable)
MR       .....                  (boots currently unavailable)
Stlth    +.........             (no amulet)
HPRegen  0.20/turn              (no ring)
MPRegen  0.09/turn              (no ring)

@: tree-form
A: permanent stasis, dig shafts and tunnels, four strong arms
a: no special abilities


You were on level 2 of the Dungeon.
You were not hungry.
You were a tree.
You visited 1 branch of the dungeon, and saw 2 of its levels.

You collected 113 gold pieces.

Inventory:

Hand Weapons
 a - a +0 war axe (weapon)
Armour
 b - a +0 scale mail (melded)
 c - a +0 shield (worn)
Wands
 p - a wand of clouds (5)
Scrolls
 g - 2 scrolls of identify {unknown}
 m - a scroll of teleportation {unknown}
 n - a scroll of fear {unknown}
 o - a scroll of magic mapping {unknown}
 r - a scroll of blinking {unknown}
Potions
 d - a potion of might
 e - 2 potions of magic {unknown}
 h - a potion of lignification
 i - a potion of resistance {unknown}
 j - a potion of flight
 k - a potion of haste {unknown}
 l - a potion of degeneration {unknown}
 q - a potion of curing {unknown}
Comestibles
 f - 5 rations


   Skills:
 - Level 3.2 Fighting
 + Level 4.9 Axes
 - Level 3.2 Armour
 - Level 3.6 Shields


You had 4 spell levels left.
You didn't know any spells.
Your spell library was empty.

Dungeon Overview and Level Annotations

Branches:
Dungeon (2/15)

Altars:


Innate Abilities, Weirdness & Mutations

You cannot be hasted, slowed, berserked, paralysed or teleported.
You can dig through walls and to a lower floor.
Your four strong arms can wield two-handed weapons with a shield.
((You have a pair of large antennae on your head. (SInv)))


Message History

The kobold closely misses you. The worm bites you but does no damage.
The orc priest hits you with a +0 dagger.
* * * LOW HITPOINT WARNING * * *
Okay, then.
You closely miss the orc priest.
The orc priest is severely wounded.
You hit the kobold but do no damage. You hit the worm.
You block the kobold's attack.
The orc priest hits you with a +0 dagger.
* * * LOW HITPOINT WARNING * * *
You block the kobold's attack. The worm bites you but does no damage.
It was a potion of flight.
You feel very buoyant.
You fly up into the air.
You block the orc priest's attack. You block the kobold's attack.
It was a potion of lignification.
You turn into a tree.
Your +0 scale mail melds into your body.
Your roots penetrate the ground.
The orc priest hits you with a +0 dagger.
You die...

#.........###>#.#..###..#
#...###...##..#.#>.# #..# ##.##
#.####.##.##.# #>.# #.#
#.####.#####.###..#
#.####......###...##....
#.........###...8..#..## ##
#.....#####.[......##.# .#
#<..###...[......)..#.# ##
#####wo♣##.8........#### ##
#...8wK#.....#.....#.. ##. ###
#........##.......[8.### ##.#
#.. ..........#...........# #
..##.##.8........##........#.#
####.#..#.....#.....#..8...###.#
#.#
#.#(##........8.##...###..÷##
#.#
#...##...........#.###...8..#
..###.#..# { { ####........#


You could see a worm, an orc priest, a dart slug and a kobold.

Vanquished Creatures
  A gnoll (D:2)
  3 adders (D:2)
  An ooze (D:2)
  A worm (D:2)
  3 orcs (D:2)
  7 bats
  2 giant cockroaches (D:1)
  6 goblins
  6 hobgoblins
  2 jackals (D:2)
  2 quokkas (D:2)
  A ball python (D:2)
  10 frilled lizards
  13 kobolds
  7 rats
65 creatures vanquished.

Notes
Turn   | Place    | Note
-------+----------+-------------------------------------------
     0 | D:1      | Delamore the Formicid Fighter began the quest for the Orb.
     0 | D:1      | Reached XP level 1. HP: 18/18 MP: 1/1
    92 | D:1      | Reached XP level 2. HP: 17/24 MP: 2/2
   170 | D:1      | Reached skill level 3 in Axes
   202 | D:1      | Reached XP level 3. HP: 27/29 MP: 3/3
   757 | D:2      | Reached skill level 4 in Axes
   757 | D:2      | Reached XP level 4. HP: 25/35 MP: 4/4
  1286 | D:2      | Reached XP level 5. HP: 12/41 MP: 5/5
  1703 | D:2      | HP: 2/41 [orc priest/+0 dagger (4)]
  1706 | D:2      | Slain by an orc priest

Levels and vault maps discovered:
D:1:      dpeg_arrival_subterranean_lakeside_camping, layout_rooms
D:2:      minmay_skewed_foursquare, layout_loops_ring, cheibrodos_gnoll_hut

Skill      XL: |  1  2  3 |
---------------+----------+-----
Axes           | 3 4 |  4.9
Fighting       | |  3.2
Armour         | |  3.2
Shields        | |  3.6

Action                   |  1- 3 |  4- 6 || total
-------------------------+-------+-------++-------
Melee: War axe           |   133 |   121 ||   254
  Use: Potion            |       |     2 ||     2
  Eat: Chunk             |       |     3 ||     3
Armor: Scale mail        |    68 |    40 ||   108
Dodge: Dodged            |    47 |    44 ||    91
Block: Shield            |    79 |    73 ||   152
